 Dungeon Crawl Stone Soup version 0.15-a0-897-g19692ce (webtiles) character file.

3272 Golfball the Cudgeler (level 9, -4/79 HPs)
             Began as a Minotaur Berserker on May 19, 2014.
             Was an Elder of Trog.
             Killed from afar by a gargoyle (16 damage)
             ... with a stone arrow
             ... on Level 9 of the Dungeon.
             The game lasted 00:53:55 (6888 turns).

Golfball the Cudgeler (Minotaur Berserker)          Turns: 6888, Time: 00:53:55

HP  -4/79        AC 13     Str 28      XL: 9   Next: 68%
MP   6/6         EV 10     Int  5      God: Trog [****..]
Gold 243         SH  0     Dex 10      Spells:  0 memorised,  8 levels left

rFire  . . .     SeeInvis .     y - +3,+2 flail (drain)
rCold  . . .     Clarity  .     I - +0 scale mail of Pragmatism {Str+3 Int+1}
rNeg   + . .     Conserve .     (no shield)
rPois  .         rCorr    .     (helmet restricted)
rElec  .         rRot     .     q - +1 cloak
SustAb .         Spirit   .     (no gloves)
rMut   .         Warding  .     (no boots)
Gourm  .         Stasis   .     (no amulet)
MR     .....                    N - ring of positive energy
                                g - +3 ring of protection

@: not resistant to hostile enchantments, extremely unstealthy
A: retaliatory headbutt, horns 2
a: Burn Spellbooks, Berserk, Trog's Hand, Brothers in Arms, Renounce Religion


You were on level 9 of the Dungeon.
You worshipped Trog.
Trog was greatly pleased with you.
You were not hungry.

You visited 2 branches of the dungeon, and saw 10 of its levels.

You collected 321 gold pieces.
You spent 78 gold pieces at shops.

Inventory:

Hand weapons
 a - a +2,+2 mace
 h - a +0,+2 dagger of protection
 m - a +4,+4 quarterstaff of chaos
 n - a +0,+2 dagger of venom
 x - a +0,+2 shortbow
 y - a +3,+2 flail of draining (weapon)
 D - a +2,+0 sling of flame
 L - a +0,+2 dagger of draining
 R - a +1,+2 trident of piercing
 T - a +3,+3 dagger of chaos
Missiles
 b - 10 arrows of dispersal
 C - 17 sling bullets of flame
Armour
 q - a +1 cloak (worn)
 v - a +0 plate armour
 I - the +0 scale mail of Pragmatism (worn) {Str+3 Int+1}
   (You found it on level 7 of the Dungeon)

   It affects your strength (+3).
   It affects your intelligence (+1).
Magical devices
 B - a wand of flame (13)
 G - a wand of teleportation (4)
 K - a wand of confusion (10)
 S - a wand of polymorph (19) {unknown}
Comestibles
 c - 4 bread rations
 k - 3 apples
 l - 3 pears
 s - 2 slices of pizza
 t - 2 meat rations
 F - a royal jelly
 V - a chunk of gnoll flesh
 W - 11 strawberries
Scrolls
 d - a scroll of identify
 e - 3 scrolls of remove curse
 f - 2 scrolls of blinking
 j - a scroll of fear
 p - a scroll of teleportation
 u - 2 scrolls of fog
 E - a scroll of noise {unknown}
 H - a scroll of vulnerability
 J - a scroll of recharging
 P - a scroll of magic mapping
 Q - a scroll of random uselessness {unknown}
Jewellery
 g - a +3 ring of protection (left hand)
 N - a ring of positive energy (right hand)
Potions
 i - 2 potions of brilliance
 o - 6 potions of heal wounds
 r - 2 potions of restore abilities
 w - 2 potions of might {unknown}
 z - 3 potions of magic {unknown}
 A - a potion of porridge
 M - a potion of resistance {unknown}
 O - 2 potions of curing {unknown}
 U - a potion of lignification {unknown}


   Skills:
 + Level 7.1 Fighting
 + Level 5.7 Short Blades
 + Level 7.2 Maces & Flails
 + Level 6.5 Polearms
 + Level 7.2 Staves
 + Level 3.1 Bows
 + Level 6.7 Armour
 + Level 6.4 Dodging
 + Level 1.5 Evocations


You had 8 spell levels left.
You didn't know any spells.

Dungeon Overview and Level Annotations

Branches:
Dungeon (9/15)             Temple (1/1) D:4
    Orc: D:9-12        Lair: D:8-11

Altars:
Ashenzari
Cheibriados
Dithmenos
Elyvilon
Fedhas
Gozag
Kikubaaqudgha
Makhleb
Nemelex Xobeh
Okawaru
Qazlal
Sif Muna
Trog
Vehumet
Xom
Yredelemnul
Zin
The Shining One

Shops:
D:7 *


Innate Abilities, Weirdness & Mutations

You reflexively headbutt those who attack you in melee.
You have a pair of horns on your head.


Message History

You headbutt the crimson imp, but do no damage.
The crimson imp is heavily wounded.
The crimson imp blinks!
The gargoyle hurls a stone arrow at you.
The stone arrow hits you!
You hit the gargoyle.
The gargoyle is lightly damaged.
The gargoyle hurls a stone arrow at you.
The stone arrow hits you!
You hit the gargoyle but do no damage.
You headbutt the gargoyle, but do no damage.
The gargoyle is lightly damaged.
The gargoyle hurls a stone arrow at you.
The stone arrow hits you!
* * * LOW HITPOINT WARNING * * *
You sock the gargoyle!
The gargoyle is moderately damaged.
The gargoyle hurls a stone arrow at you.
The stone arrow hits you!
You die...

. #.... ###. #.... .....
#.... ...... #....
#...... #.... . #......
#.... .# #...... #....
.#
#.....9#############....
.#
#......@................
.#
#.....5.............####
.# #.......###########.#
# .# #.......# #.# #
.#### #.......# #.# #
..... .......# #.# #
##### ####..# #.####
#..# #..... #..# #.....


You could see a gargoyle and a crimson imp.

Vanquished Creatures
  Psyche (D:8)
  Eustachio (D:6)
  4 slime creatures (D:9)
  A sky beast (D:8)
  A phantom (D:7)
  A centaur (D:8)
  An orc warrior (D:6)
  Duvessa (D:4)
  3 giant frogs
  3 scorpions
  8 crimson imps
  Dowan (D:4)
  Crazy Yiuf (D:3)
  An orc priest (D:6)
  A quasit (D:6)
  A giant frog skeleton (D:4)
  A goliath beetle (D:9)
  2 hounds (D:8)
  4 iguanas
  A jelly (D:7)
  2 orc wizards
  5 worker ants
  A sky beast zombie (D:7)
  An ogre zombie (D:9)
  Ijyb (D:6)
  3 gnolls (D:9)
  10 adders
  A shadow imp (D:8)
  5 worms
  8 giant geckos
  18 orcs
  A bat skeleton (D:4)
  14 goblins
  18 hobgoblins
  2 oozes
  A quokka (D:5)
  A ball python (D:1)
  14 bats
  6 giant cockroaches
  A giant gecko skeleton (D:5)
  6 giant newts
  6 jackals
  16 kobolds
  2 kobold skeletons
  2 orc zombies
  A quokka skeleton (D:7)
  11 rats
  A rat skeleton (D:4)
  A rat zombie (D:8)
197 creatures vanquished.

Vanquished Creatures (collateral kills)
  A two-headed ogre (D:8)
  2 orc warriors
  2 orc priests
  An orc wizard (D:8)
  A shadow imp (D:8)
  2 orcs
  A kobold skeleton (D:8)
10 creatures vanquished.

Grand Total: 207 creatures vanquished

Notes
Turn   | Place    | Note
--------------------------------------------------------------
     0 | D:1      | Golfball, the Minotaur Berserker, began the quest for the Orb.
     0 | D:1      | Reached XP level 1. HP: 19/19 MP: 1/1
   196 | D:1      | Reached XP level 2. HP: 25/27 MP: 1/1
   239 | D:1      | Acquired Trog's second power
   317 | D:1      | Reached skill level 4 in Fighting
   921 | D:2      | Reached XP level 3. HP: 33/33 MP: 2/2
  1118 | D:2      | Reached skill level 1 in Short Blades
  1178 | D:2      | Reached XP level 4. HP: 40/40 MP: 2/2
  1632 | D:3      | Found a shattered altar of Ashenzari.
  1914 | D:3      | Noticed Crazy Yiuf
  1920 | D:3      | Killed Crazy Yiuf
  2242 | D:4      | Reached XP level 5. HP: 42/47 MP: 2/2
  2342 | D:4      | Acquired Trog's third power
  2342 | D:4      | Reached skill level 1 in Staves
  2384 | D:4      | Found a staircase to the Ecumenical Temple.
  2395 | Temple   | Entered the Ecumenical Temple
  2591 | D:4      | Found a snail-covered altar of Cheibriados.
  2637 | D:4      | Reached XP level 6. HP: 50/53 MP: 3/3
  2907 | D:4      | Noticed Duvessa
  2907 | D:4      | Noticed Dowan
  2912 | D:4      | Killed Duvessa
  2912 | D:4      | Reached skill level 5 in Maces & Flails
  2916 | D:4      | Killed Dowan
  3067 | D:5      | Entered Level 5 of the Dungeon
  3175 | D:5      | Found a burning altar of Makhleb.
  3178 | D:5      | Found a shimmering altar of Xom.
  3183 | D:5      | Reached skill level 5 in Fighting
  3274 | D:5      | Found a sparkling altar of Nemelex Xobeh.
  3390 | D:5      | Reached XP level 7. HP: 52/61 MP: 3/3
  3612 | D:5      | Found a blossoming altar of Fedhas.
  3747 | D:6      | Noticed Eustachio
  3757 | D:6      | Killed Eustachio
  3757 | D:6      | Reached skill level 1 in Polearms
  4051 | D:6      | Reached skill level 5 in Armour
  4299 | D:6      | Reached XP level 8. HP: 41/69 MP: 3/3
  4309 | D:6      | Reached skill level 5 in Staves
  4444 | D:6      | Noticed Ijyb
  4453 | D:6      | Killed Ijyb
  4663 | D:7      | Reached skill level 5 in Dodging
  4830 | D:7      | Got a fine scale mail
  4848 | D:7      | Identified the +0 scale mail of Pragmatism {Str+3 Int+1} (You found it on level 7 of the Dungeon)
  4888 | D:7      | Found Miklunap's Assorted Antiques.
  4896 | D:7      | Bought a scroll labeled PYOGGE MYREOPT for 26 gold pieces
  4896 | D:7      | Bought a scroll of identify for 52 gold pieces
  4910 | D:7      | Found an opulent altar of Gozag.
  4911 | D:7      | Found an iron altar of Okawaru.
  4912 | D:7      | Found a bloodstained altar of Trog.
  4912 | D:7      | Found a glowing silver altar of Zin.
  4912 | D:7      | Found a shadowy altar of Dithmenos.
  4918 | D:7      | Reached skill level 6 in Maces & Flails
  5455 | D:8      | Found a stormy altar of Qazlal.
  5482 | D:8      | Identified the Grimoire of Unstable Boosts (You found it on level 8 of the Dungeon)
  5607 | D:8      | Reached skill level 5 in Polearms
  5659 | D:8      | Noticed a two-headed ogre
  5663 | D:8      | Killed a two-headed ogre
  5663 | D:8      | Reached skill level 1 in Bows
  5815 | D:8      | Reached XP level 9. HP: 73/78 MP: 4/4
  5964 | D:8      | Reached skill level 5 in Short Blades
  5980 | D:8      | Noticed Psyche
  5985 | D:8      | Paralysed by Psyche for 5 turns
  5996 | D:8      | Killed Psyche
  6388 | D:9      | HP: 2/117 [large slime creature (23)]
  6390 | D:9      | Reached skill level 7 in Maces & Flails
  6391 | D:9      | Reached skill level 1 in Evocations
  6883 | D:9      | Noticed a gargoyle
  6888 | D:9      | Killed from afar by a gargoyle

Action                   |  1- 3 |  4- 6 |  7- 9 || total
-------------------------+-------+-------+-------++-------
Melee: Mace              |    81 |   103 |   191 ||   375
       Flail             |       |    43 |    68 ||   111
       Trident           |       |       |     1 ||     1
Invok: Berserk           |       |     1 |     8 ||     9
       Trog's Hand       |       |     1 |     7 ||     8
       Brothers in Arms  |       |       |     5 ||     5
       Burn Spellbooks   |       |       |     2 ||     2
  Use: Scroll            |     1 |     9 |    16 ||    26
 Stab: Distracted        |       |       |     1 ||     1
       Invisible         |       |       |     1 ||     1
